 Dungeon Crawl Stone Soup version 0.22-a0 (webtiles) character file.

1498 shenanigans the Conjurer (level 8, -13/60 HPs)
             Began as a Barachi Fire Elementalist on Jan 1, 2018.
             Was a Follower of Makhleb.
             Killed from afar by a steam dragon (15 damage)
             ... with a ball of steam
             ... on level 7 of the Dungeon.
             The game lasted 00:22:28 (7280 turns).

shenanigans the Conjurer (BaFE)                     Turns: 7280, Time: 00:22:30

Health: -13/60     AC:  4    Str: 10    XL:     8   Next: 81%
Magic:  10/16      EV: 14    Int: 17    God:    Makhleb [*.....]
Gold:   201        SH:  0    Dex: 13    Spells: 11/17 levels left

rFire    . . .     SeeInvis .   l - +0 whip (distort)
rCold    . . .     Gourm    .   (no shield)
rNeg     + . .     Faith    .   a - +0 robe
rPois    .         Spirit   .   C - +0 helmet
rElec    .         Reflect  .   q - +0 cloak
rCorr    .         Harm     .   (no gloves)
MR       .....                  (no boots)
Stlth    ++........             (no amulet)
HPRegen  0.20/turn              k - ring of positive energy
MPRegen  0.15/turn              (no ring)

@: slow
A: +LOS, swims, slowness 1, strong legs 1
a: Hop, Renounce Religion


You were on level 7 of the Dungeon.
You worshipped Makhleb.
Makhleb was aware of your devotion.
You were hungry.

You visited 2 branches of the dungeon, and saw 8 of its levels.

You collected 201 gold pieces.

Inventory:

Hand Weapons
 d - a +0 short sword
 g - a +1 hand axe of draining
 l - a +0 whip of distortion (weapon)
Missiles
 w - 3 javelins (quivered)
Armour
 a - a +0 robe (worn)
 q - a +0 cloak (worn)
 C - a +0 helmet (worn)
Jewellery
 k - a ring of positive energy (left hand)
Wands
 s - a wand of random effects (24)
 v - a wand of iceblast (10)
Scrolls
 j - 2 scrolls of teleportation
 p - 2 scrolls of remove curse
 y - a scroll of magic mapping
 z - 2 scrolls of summoning {unknown}
 A - a scroll of acquirement {unknown}
 B - a scroll of blinking {unknown}
Potions
 e - 5 potions of curing
 f - a potion of lignification {unknown}
 h - a potion of agility {unknown}
 i - a potion of flight
 m - a potion of ambrosia
 n - 2 potions of might
 o - a potion of cancellation {unknown}
 r - a potion of heal wounds
 t - a potion of haste
 u - 2 potions of brilliance
Books
 b - a book of Flames

   Spells                             Type                      Level
   a - Flame Tongue                   Conjuration/Fire             1
   b - Throw Flame                    Conjuration/Fire             2
   c - Conjure Flame                  Conjuration/Fire             3
   d - Inner Flame                    Hexes/Fire                   3
   e - Sticky Flame                   Conjuration/Fire             4
   f - Fireball                       Conjuration/Fire             5
Comestibles
 c - 7 rations


   Skills:
 + Level 3.9 Fighting
 + Level 2.0 Armour
 + Level 4.3 Dodging
 + Level 3.6 Stealth
 * Level 5.3 Spellcasting
 * Level 5.4 Conjurations
 * Level 5.4 Fire Magic
 + Level 2.4 Invocations


You had 11 spell levels left.
You knew the following spells:

 Your Spells              Type           Power        Failure   Level  Hunger
a - Flame Tongue          Conj/Fire      ###..        1%          1    None
b - Fireball              Conj/Fire      ###.......   38%         5    ######.


Dungeon Overview and Level Annotations

Branches:
Dungeon (7/15)             Temple (1/1) D:4

Altars:
Ashenzari
Cheibriados
Fedhas
Gozag
Hepliaklqana
Kikubaaqudgha
Makhleb
Nemelex Xobeh
Okawaru
Qazlal
Ru
Sif Muna
Trog
Uskayaw
Vehumet
Yredelemnul
The Shining One

Annotations:
D:6 cellescent's ghost, novice VSWn


Innate Abilities, Weirdness & Mutations

Shadows flee at your approach. (+LOS)
You can swim through water.
You cover ground slowly.
You can hop short distances.


Message History

Press: ? - help, Shift-Dir - straight line, f/p - steam dragon
Aim: a steam dragon (moderately wounded, catching its breath)
The flame tongue hits the steam dragon.
The steam dragon is heavily wounded.
You are engulfed in a cloud of scalding steam.
The steam dragon bites you!
* * * LOW HITPOINT WARNING * * *
The steam dragon barely misses you.
Casting: Flame Tongue
Confirm with . or Enter, or press ? or * to list all spells.
Aiming: Flame Tongue
Press: ? - help, Shift-Dir - straight line, f/p - steam dragon
Aim: a steam dragon (heavily wounded)
The flame tongue hits the steam dragon.
The steam dragon is severely wounded.
You are engulfed in a cloud of scalding steam.
* * * LOW HITPOINT WARNING * * *
The steam dragon breathes steam at you. The ball of steam hits you!
You die...

. ## #.### #.#.. .(..##
#.#.####....# Z
#.#.#..#....#
###.#......#....# #
#...#...#.##....# ##.##
#+#..)#...#^##... .....#
..........#.##.#+#.......
.......>....§§..@D.%.....
....#.#.#.#.####.#.......
#s....#.................#
#....)######.#.#+####
##.†..#...|...#.#
#.......<..#..# #
#..#.........!... ..#
#.#.#..##....# #
##.#....<#.#.##


You could see a steam dragon.

Vanquished Creatures
  Sigmund (D:2)
  Menkaure (D:5)
  3 ogres
  3 phantoms
  A centaur (D:6)
  A bullfrog (D:2)
  A jelly (D:6)
  A bullfrog skeleton (D:4)
  A hound (D:4)
  2 orc wizards
  An iguana (D:7)
  5 worker ants
  A howler monkey zombie (D:6)
  15 adders
  A shadow imp (D:7)
  4 adder skeletons (D:5)
  An adder zombie (D:6)
  4 worms
  3 dart slugs
  2 leopard geckos
  12 orcs
  3 ball pythons
  5 giant cockroaches
  2 goblins
  9 hobgoblins
  12 jackals
  A ball python skeleton (D:4)
  5 bats
  9 frilled lizards
  6 kobolds
  A leopard gecko zombie (D:5)
  4 rats
121 creatures vanquished.

Vanquished Creatures (others)
  An orc (D:4)
1 creature vanquished.

Grand Total: 122 creatures vanquished

Notes
Turn   | Place    | Note
-------+----------+-------------------------------------------
     0 | D:1      | shenanigans the Barachi Fire Elementalist began the quest for the Orb.
     0 | D:1      | Reached XP level 1. HP: 13/13 MP: 3/3
   192 | D:1      | Reached XP level 2. HP: 14/20 MP: 0/5
  1108 | D:2      | Reached XP level 3. HP: 25/25 MP: 2/6
  1152 | D:2      | Reached skill level 1 in Fighting
  1194 | D:2      | Found a shattered altar of Ashenzari.
  1337 | D:2      | Noticed Sigmund
  1610 | D:3      | Reached XP level 4. HP: 21/32 MP: 5/8
  1831 | D:3      | Found a faded altar of an unknown god.
  2247 | D:3      | Reached XP level 5. HP: 38/38 MP: 6/9
  2923 | D:2      | Killed Sigmund
  2923 | D:2      | Reached XP level 6. HP: 15/46 MP: 3/11
  3219 | D:4      | Noticed a phantom
  3275 | D:4      | Found a staircase to the Ecumenical Temple.
  3293 | Temple   | Entered the Ecumenical Temple
  3526 | Temple   | Became a worshipper of Makhleb the Destroyer
  3570 | D:4      | Found a radiant altar of Vehumet.
  3679 | D:4      | Reached XP level 7. HP: 51/51 MP: 5/13
  4080 | D:4      | Reached skill level 1 in Invocations
  4886 | D:5      | Entered Level 5 of the Dungeon
  5077 | D:5      | Reached * piety under Makhleb
  5241 | D:5      | Learned a level 5 spell: Fireball
  5531 | D:5      | Reached XP level 8. HP: 52/58 MP: 10/14
  5532 | D:5      | Noticed Menkaure
  5536 | D:5      | Killed Menkaure
  5733 | D:5      | Reached skill level 1 in Armour
  6244 | D:6      | Noticed cellescent's ghost (novice VSWn)
  6300 | D:7      | Reached skill level 5 in Conjurations
  6483 | D:6      | Reached skill level 5 in Spellcasting
  6483 | D:6      | Reached skill level 5 in Fire Magic
  6530 | D:6      | Found a glowing golden altar of the Shining One.
  7280 | D:7      | HP: 2/60 [steam dragon] (6)]
  7280 | D:7      | Killed from afar by a steam dragon

Vault maps used:
D:1:      shiori_arrival_maze
D:2:      ashenzari_conservatory_becter, first_ration, uniq_sigmund
D:3:      chequers_ecumenical_altar_simple
D:4:      old_standard_altar, minmay_temple_entry_purple_smoke
D:5:      minivault_14, uniq_menkaure
D:6:      basic_altar
D:7:      minitemple, grunt_ogre_cave
Temple:   regret_index_temple_generic_petals

Skill      XL: |  1  2  3  4  5  6  7  8 |
---------------+-------------------------+-----
Stealth        | 2 3 |  3.6
Fighting       | 1 2 3 |  3.9
Conjurations   | 2 3 4 5 |  5.4
Spellcasting   | 3 4 5 |  5.3
Dodging        | 3 4 |  4.3
Fire Magic     | 4 5 |  5.4
Invocations    | 1 2 |  2.4
Armour         | 2 |  2.0

Action                   |  1- 3 |  4- 6 |  7- 9 || total
-------------------------+-------+-------+-------++-------
Melee: Short sword       |     7 |       |       ||     7
       Hand axe          |    26 |       |       ||    26
       Whip              |     2 |    63 |    61 ||   126
Throw: Javelin           |       |       |    15 ||    15
 Cast: Flame Tongue      |    30 |    60 |   142 ||   232
       Fireball          |       |       |     1 ||     1
 Abil: Hop               |     1 |       |     3 ||     4
  Use: Scroll            |       |     4 |    10 ||    14
 Stab: Sleeping          |     3 |     8 |     2 ||    13
  Eat: Chunk             |     2 |     5 |     8 ||    15
       Ration            |       |     1 |     1 ||     2
Armor: Robe              |     7 |    20 |    14 ||    41
Dodge: Dodged            |    30 |    55 |    63 ||   148

Table legend:
 A = Spawn XP
 B = Non-spawn XP
 C = Spawn XP percentage of total XP
 D = Spawn monster count
 E = Non-spawn monster count
 F = Spawn count percentage of total count
 G = Total turns spent on level
                    A         B        C        D         E        F      G
               +---------+---------+-------+---------+---------+-------+---------
         Total |       0 |    2140 |   0.0 |       0 |     122 |   0.0 |  7280
               +---------+---------+-------+---------+---------+-------+---------
           D:1 |       0 |      24 |   0.0 |       0 |      16 |   0.0 |  1104
           D:2 |       0 |     383 |   0.0 |       0 |      25 |   0.0 |   914
           D:3 |       0 |     102 |   0.0 |       0 |      24 |   0.0 |  1181
           D:4 |       0 |     480 |   0.0 |       0 |      22 |   0.0 |  1415
           D:5 |       0 |     517 |   0.0 |       0 |      15 |   0.0 |  1218
           D:6 |       0 |     587 |   0.0 |       0 |      18 |   0.0 |   994
           D:7 |       0 |      47 |   0.0 |       0 |       2 |   0.0 |   182
               +---------+---------+-------+---------+---------+-------+---------
